 Dungeon Sprint DCSS version 0.16-a0-4004-g8d6611c (webtiles) character file.

1400000 PolkaDot the Sensei (level 15, -58/141 HPs)
             Began as a Demonspawn Monk on Feb 15, 2015.
             Was an Elder of Makhleb.
             Annihilated by a meat berserker
             ... wielding a +9 battleaxe
              (86 damage)
             ... in the Dungeon (Sprint VIII: "Arena of Blood").
             The game lasted 00:00:48 (14 turns).

PolkaDot the Sensei (Demonspawn Monk)                 Turns: 14, Time: 00:00:48

Health: -58/141    AC:  5    Str: 12    XL:     15   Next: 4%
Magic:  15/15      EV: 37    Int: 11    God:    Makhleb [****..]
Gold:   0          SH:  0    Dex: 27    Spells: 0 memorised, 14 levels left

rFire  . . .     SeeInvis .     i - +∞ Axe of Woe
rCold  . . .     Clarity  .     a - +0 robe
rNeg   . . .     SustAb   .     (no shield)
rPois  .         Gourm    .     (helmet restricted)
rElec  .         Spirit   .     (no cloak)
rCorr  .         Warding  .     (no gloves)
rMut   .         NoTele   +     (no boots)
MR     +....                    (no amulet)
Stlth  +++++.....               (no ring)
                                (no ring)

@: agile, somewhat resistant to hostile enchantments, quite stealthy
A: antennae 2, molten scales 2, powered by death 2, powered by pain 1
a: Minor Destruction, Lesser Servant of Makhleb, Major Destruction, Renounce
Religion


You were in the Dungeon.
You worshipped Makhleb.
Makhleb was greatly pleased with you.
You were not hungry.

You visited 1 branch

Inventory:

Hand weapons
 i - the +∞ Axe of Woe (weapon)
   (You found it in the Dungeon)
Armour
 a - a +0 robe (worn)
Scrolls
 h - a scroll of blinking
Potions
 c - a potion of curing
 d - a potion of heal wounds
 e - a potion of haste
 f - 2 potions of magic
 g - a potion of berserk rage
Comestibles
 b - a bread ration


   Skills:
 + Level 20.0 Fighting
 + Level 6.2 Axes
 + Level 17.8 Dodging
 + Level 7.5 Stealth
 + Level 26.2 Unarmed Combat


You had 14 spell levels left.
You didn't know any spells.

Dungeon Overview and Level Annotations

Branches:
Dungeon (1/1)

Altars:
Makhleb


Innate Abilities, Weirdness & Mutations

You have a pair of antennae on your head.
You are mostly covered in molten scales (AC +3, EV -1).
You can steal the life force of defeated enemies.
You sometimes gain a little power by taking damage.


Message History

You hit the meat berserker.
You hew the meat berserker savagely.
You kill the meat berserker!
Makhleb accepts your kill.
Your Fighting skill increases to level 20!
Your Axes skill increases to level 6!
Your Unarmed Combat skill increases to level 26!
You have reached level 15!
Your experience leads to an increase in your attributes!
Your base attributes are Str 12, Int 11, Dex 21.
Increase (S)trength, (I)ntelligence, or (D)exterity?
You feel agile.
You hear a shout! x18
The large bag of meat hits you with a +9 giant spiked club!!!!
Ouch! That really hurt!
* * * LOW HITPOINT WARNING * * *
You focus on the pain.
You feel more agile all of a sudden.
The meat berserker hits you with a +9 battleaxe!!!!
Ouch! That really hurt!
You die...

... . ...... .o
....... ..o.
......... ....o
#.......# ..#.o.
#.......#
.....o###o......###.
.......C.)..###......
#o.)@O..._.....o
#.....).#.....#..
.......o.#_.<._#
.#.oo....#.....#
...#..o....._......
........Co###......
..oo###... ..###. ...
#..O ..# #... .#


You could see 2 large bags of meat, 2 meat berserkers and 14 bags of meat.

Vanquished Creatures
  2 ogres (D)
  5 orcs (D)
7 creatures vanquished.

Notes
Turn   | Place    | Note
--------------------------------------------------------------
     0 | D        | PolkaDot, the Demonspawn Monk, began the quest for the Orb.
     0 | D        | Reached XP level 1. HP: 18/18 MP: 1/1
     3 | D        | Noticed a bag of meat
     4 | D        | Became a worshipper of Makhleb the Destroyer
     4 | D        | Acquired Makhleb's first power
     4 | D        | Acquired Makhleb's second power
     5 | D        | Noticed a meat berserker
     6 | D        | Noticed a bag of meat
     6 | D        | Noticed a bag of meat
     6 | D        | Noticed a bag of meat
     7 | D        | Noticed a bag of meat
     9 | D        | Killed a bag of meat
     9 | D        | Reached skill level 13 in Fighting
     9 | D        | Reached skill level 5 in Stealth
     9 | D        | Reached skill level 18 in Unarmed Combat
     9 | D        | Gained mutation: You are partially covered in molten scales (AC +1). [demonic ancestry]
     9 | D        | Reached XP level 2. HP: 21/40 MP: 2/2
     9 | D        | Reached XP level 3. HP: 24/46 MP: 3/3
     9 | D        | Reached XP level 4. HP: 27/53 MP: 4/4
     9 | D        | Gained mutation: You can steal the life force of nearby defeated enemies. [demonic ancestry]
     9 | D        | Reached XP level 5. HP: 30/59 MP: 5/5
     9 | D        | Reached XP level 6. HP: 33/66 MP: 6/6
     9 | D        | Gained mutation: You have a pair of small antennae on your head. [demonic ancestry]
     9 | D        | Reached XP level 7. HP: 36/72 MP: 7/7
     9 | D        | Gained mutation: You can steal the life force of defeated enemies. [demonic ancestry]
     9 | D        | Reached XP level 8. HP: 39/79 MP: 8/8
     9 | D        | Gained mutation: You have a pair of antennae on your head. [demonic ancestry]
     9 | D        | Reached XP level 9. HP: 41/85 MP: 9/9
     9 | D        | Reached XP level 10. HP: 44/92 MP: 10/10
     9 | D        | Gained mutation: You are mostly covered in molten scales (AC +3, EV -1). [demonic ancestry]
     9 | D        | Reached XP level 11. HP: 46/98 MP: 11/11
     9 | D        | Killed a meat berserker
     9 | D        | Reached skill level 15 in Fighting
     9 | D        | Reached skill level 1 in Axes
     9 | D        | Reached skill level 20 in Unarmed Combat
     9 | D        | Gained mutation: You sometimes gain a little power by taking damage. [demonic ancestry]
     9 | D        | Reached XP level 12. HP: 49/109 MP: 12/12
    10 | D        | Noticed a large bag of meat
    10 | D        | Noticed a bag of meat
    10 | D        | Noticed a bag of meat
    11 | D        | Killed a bag of meat
    11 | D        | Acquired Makhleb's third power
    11 | D        | Reached skill level 15 in Dodging
    11 | D        | Reached skill level 22 in Unarmed Combat
    11 | D        | Reached XP level 13. HP: 108/119 MP: 13/13
    11 | D        | Killed a bag of meat
    11 | D        | Reached skill level 23 in Unarmed Combat
    12 | D        | Noticed a meat berserker
    12 | D        | Noticed a meat berserker
    12 | D        | Noticed a bag of meat
    12 | D        | Killed a bag of meat
    12 | D        | Acquired Makhleb's fourth power
    12 | D        | Reached skill level 24 in Unarmed Combat
    12 | D        | Reached XP level 14. HP: 127/131 MP: 14/14
    13 | D        | Noticed a bag of meat
    13 | D        | Noticed a bag of meat
    13 | D        | Noticed a bag of meat
    13 | D        | Noticed a bag of meat
    13 | D        | Noticed a bag of meat
    13 | D        | Noticed a bag of meat
    13 | D        | Killed a bag of meat
    13 | D        | Reached skill level 5 in Axes
    13 | D        | Reached skill level 25 in Unarmed Combat
    14 | D        | Noticed a bag of meat
    14 | D        | Noticed a bag of meat
    14 | D        | Noticed a bag of meat
    14 | D        | Noticed a bag of meat
    14 | D        | Noticed a large bag of meat
    14 | D        | Noticed a bag of meat
    14 | D        | Killed a meat berserker
    14 | D        | Reached skill level 26 in Unarmed Combat
    14 | D        | Reached XP level 15. HP: 127/141 MP: 15/15
    14 | D        | Annihilated by a meat berserker

Action                   |  1- 3 |  4- 6 |  7- 9 | 10-12 | 13-15 || total
-------------------------+-------+-------+-------+-------+-------++-------
Melee: Executioner's axe |     1 |       |       |     1 |     3 ||     5
